 Dungeon Crawl Stone Soup version 0.29-a0-334-gb41bcbb86e (webtiles) character file.

Game seed: 6421887569641834734

144 Jortsu the Ducker (level 5, -2/53 HPs)
             Began as a Troll Fighter on Apr 15, 2022.
             Slain by a gnoll
             ... wielding a +0 spear
              (5 damage)
             ... on level 2 of the Dungeon.
             The game lasted 00:03:01 (1300 turns).

Jortsu the Ducker (Troll Fighter)                   Turns: 1300, Time: 00:03:01

Health: -2/53      AC:  4    Str: 24    XL:     5   Next: 5%
Magic:  4/4        EV:  9    Int:  4    God:
Gold:   73         SH:  7    Dex: 11    Spells: 4/4 levels left

rFire   . . .      SeeInvis .   a - +0 flail (spect)
rCold   . . .      Faith    .   c - +0 kite shield
rNeg    . . .      Spirit   .   b - +0 robe
rPois   .          Reflect  .   (helmet restricted)
rElec   .          Harm     .   (no cloak)
rCorr   .          Rampage  .   (gloves unavailable)
Will    .....                   (boots unavailable)
Stlth   +.........              (no amulet)
HPRegen 0.97/turn               (no ring)
MPRegen 0.09/turn               (no ring)

@: no status effects
A: large, unfitting armour, claws 3, regeneration 1, shaggy fur 1, tough skin 1
a: no special abilities


You were on level 2 of the Dungeon.
You visited 1 branch of the dungeon, and saw 3 of its levels.

You collected 73 gold pieces.

Inventory:

Hand Weapons
 a - a +0 spectral flail (weapon)
Armour
 b - a +0 robe (worn)
 c - a +0 kite shield (worn)
Jewellery
 k - a ring of fire
Scrolls
 j - a scroll of blinking
Potions
 d - a potion of might
 f - a potion of lignification
 g - a potion of invisibility
 i - a potion of ambrosia


   Skills:
 + Level 3.1 Fighting
 + Level 2.9 Maces & Flails
 + Level 3.1 Dodging
 + Level 0.4 Stealth
 + Level 2.9 Shields


You had 4 spell levels left.
You didn't know any spells.
Your spell library contained the following spells:

 Spells                   Type           Power      Damage    Failure   Level
 Summon Small Mammal      Summ           0%         N/A       80%         1
 Call Canine Familiar     Summ           0%         N/A       99%         3
 Portal Projectile        Hex/Tloc       0%         N/A       99%         3
 Summon Guardian Golem    Hex/Summ       0%         N/A       99%         3
 Blade Hands              Tmut           0%         N/A       100%        5
 Excruciating Wounds      Necr           0%         N/A       100%        5


Dungeon Overview and Level Annotations

Branches:
Dungeon (3/15)

Altars:
Ru


Innate Abilities, Weirdness & Mutations

You are too large for most types of armour.
You have claws for hands.
Your natural rate of healing is unusually fast.
You are covered in fur. (AC +1)
You have tough skin. (AC +1)


Message History

You climb upwards.
There is a stone staircase leading down here.
You sock the gnoll!
The gnoll is almost dead.
Your +0 spectral flail hits the gnoll!
You kill the gnoll!
You see here a +0 whip.
You start resting.
HP restored.
There is a stone staircase leading down here.
You climb downwards.
The gnoll hits you from afar with a +0 halberd!
There is a stone staircase leading up, spattered with blood here.
The gnoll hits you from afar with a +0 halberd!
The gnoll hits you with a +0 spear.
There is a stone staircase leading up, spattered with blood here.
The gnoll hits you from afar with a +0 halberd!
* * * LOW HITPOINT WARNING * * *
The gnoll hits you with a +0 spear.
* * * LOW HITPOINT WARNING * * *
You block the gnoll shaman's attack.
You climb upwards.
There is a stone staircase leading down here.
You hit the gnoll shaman but do no damage.
Your +0 spectral flail hits the gnoll shaman!
You are no longer glowing.
The gnoll hits you but does no damage.
The gnoll shaman hits you but does no damage.
You barely miss the gnoll shaman.
The gnoll shaman is severely wounded.
Your +0 spectral flail hits the gnoll shaman!
You kill the gnoll shaman!
The gnoll hits you with a +0 spear.
* * * LOW HITPOINT WARNING * * *
The gnoll hits you with a +0 spear.
* * * LOW HITPOINT WARNING * * *
You have reached level 5!
You barely miss the gnoll.
Your +0 spectral flail hits the gnoll.
The gnoll hits you with a +0 spear.
You die...

##.......###.#
#.#.###.# #.......'...#
#...# #.# #.......#####
#######.##
#.......'...# #.....#
####.......##.##
#.#####
......#######.#### #.#
#####.# #....####.#
.#....##########.)....#
.#..#..........§@.#####
.#.†#.####.#####(g####
.#.)#.# #.#####..)..#
##.##.# #........#.##
#..#..# ##########.#
#..#.## #.# #..#.# #.#
...#.# #.#
####'##############.#


You could see a gnoll and a friendly +0 spectral flail (summoned).

Vanquished Creatures
  A gnoll shaman (D:2)
  6 gnolls
  An adder (D:2)
  2 dart slugs (D:1)
  5 ball pythons (D:2)
  4 endoplasms
  A giant cockroach (D:2)
  3 goblins
  2 hobgoblins
  3 jackals (D:1)
  6 kobolds
  2 quokkas (D:2)
  5 bats
  4 rats
45 creatures vanquished.

Notes
Turn   | Place    | Note
-------+----------+-------------------------------------------
     0 | D:1      | Jortsu the Troll Fighter began the quest for the Orb.
     0 | D:1      | Reached XP level 1. HP: 22/22 MP: 0/0
   210 | D:1      | Reached XP level 2. HP: 27/29 MP: 1/1
   833 | D:2      | Reached XP level 3. HP: 36/36 MP: 2/2
  1049 | D:3      | Reached XP level 4. HP: 21/44 MP: 3/3
  1105 | D:2      | Found a faded altar of an unknown god.
  1111 | D:2      | Prayed at the altar of an unknown god.
  1111 | D:2      | Became a worshipper of Ru the Awakened
  1112 | D:2      | Fell from the grace of Ru
  1299 | D:2      | HP: 1/45 [gnoll/+0 spear (6)]
  1300 | D:2      | Reached XP level 5. HP: 2/53 MP: 4/4
  1300 | D:2      | Slain by a gnoll

Illustrated notes

Levels and vault maps discovered:
D:1:      dpeg_arrival_refuge, layout_loops_ring, minivault_4,
          grunt_decor_junction
D:2:      minmay_angry_zag, layout_basic, hellmonk_ecumenical_altar_crossroads
D:3:      layout_basic, gammafunk_temple_overflow_claw, serial_shops,
          nicolae_shop_advertising_works [nicolae_subvault_shop_adworks]

Skill      XL: |  1  2  3  4 |
---------------+-------------+-----
Maces & Flails | 2 |  2.9
Fighting       | 3 |  3.1
Dodging        | 3 |  3.1
Stealth        | |  0.4
Shields        | |  2.9

Action                   |  1- 3 |  4- 6 || total
-------------------------+-------+-------++-------
Melee: Flail             |    70 |    10 ||    80
Invok: Renounce Religion |       |     1 ||     1
  Use: Scroll            |     3 |     5 ||     8
 Stab: Sleeping          |     2 |       ||     2
Armor: Robe              |    40 |     3 ||    43
Dodge: Dodged            |    32 |     3 ||    35
Block: Kite shield       |    27 |     3 ||    30

Table legend: (Time is in decaauts)
 A = Elapsed time spent in this place.
 B = Non-inter-level travel time spent in this place.
 C = Inter-level travel time spent in this place.
 D = Time resting spent in this place.
 E = Time spent auto-exploring this place.
 F = Levels seen in this place.
 G = Mean time per level.
                   A        B        C        D        E       F      G
               +--------+--------+--------+--------+--------+-----+--------+
         Total |   1338 |   1299 |     39 |     37 |    900 |   3 |  446.0 |
       Dungeon |   1338 |   1299 |     39 |     37 |    900 |   3 |  446.0 |
               +--------+--------+--------+--------+--------+-----+--------+

Top non-repeatable levels by time:
     D:1: 698 daAuts
     D:2: 594 daAuts
     D:3: 46 daAuts
